Influenza vs Diablos
(R3)
Created - March 31, 2020 at 19:39
Goals
|
| Influenza |
1 |
1 |
2 |
4 |
| Diablos |
0 |
2 |
0 |
2 |
|
Shots
|
| Influenza |
11 |
4 |
7 |
22 |
| Diablos |
14 |
11 |
7 |
32 |
|
1st period
1. Influenza , Andre Burakovsky 49 (Calvin de Haan 43, Zac Dalpe 31) at 12:18 (SH)
Penalties :
Philip Larsen (Don) for Roughing (Minor) at 0:09, Nick Spaling (Don) for Slashing (Minor) at 2:38, Lars Eller (Don) for Boarding (Double Minor) at 6:49, Lucas Lessio (VJB) for Diving (Minor) at 11:14
2nd period
2. Influenza , Andre Burakovsky 50 (Calvin de Haan 44, Iiro Pakarinen 36) at 6:03 (PP)
3. Diablos , Lars Eller 28 (Unassisted) at 6:25
4. Diablos , Nick Spaling 43 (Viktor Loov 21, David Pastrnak 29) at 17:14
Penalties :
Bo Horvat (VJB) for Hooking (Minor) at 0:10, Viktor Loov (Don) for Tripping (Minor) at 5:18, Cameron Gaunce (Don) for Cross-checking (Minor) at 8:57, Calvin de Haan (VJB) for Interference (Minor) at 17:57
3rd period
5. Influenza , Iiro Pakarinen 27 (Andre Burakovsky 57) at 10:00 (PP)
6. Influenza , Andre Burakovsky 51 (Zac Dalpe 32, Tom Kuhnhackl 7) at 19:51 (Empty Net)
Penalties :
Brandon Montour (VJB) for Hooking (Minor) at 1:48, Lucas Lessio (VJB) for Hooking (Minor) at 6:47, Jakub Vrana (Don) for Diving (Minor) at 9:25, Iiro Pakarinen (VJB) for Holding (Minor) at 11:13
Goalie Stats
Malcolm Subban (VJB), 30 saves from 32 shots - (0.938), W, 25-23-2, 60:00 minutes
Kristers Gudlevskis (Don), 18 saves from 21 shots - (0.857), L, 25-21-4, 59:19 minutes
Players Stats for Influenza
Player Name G A P +/- PIM S H SB GA TA FO MP PP MP PK MP
------------------------------------------------------------------------------------
Andre Burakovsky 3 1 4 0 0 5 2 1 0 1 2/4 20:37 6:08 1:47
Bo Horvat 0 0 0 -2 2 0 1 0 1 0 13/27 17:42 6:08 0:00
Brandon Montour 0 0 0 0 2 0 1 1 0 1 0/0 12:32 0:11 1:27
Calvin de Haan 0 2 2 1 2 3 0 2 1 0 0/0 27:57 6:14 6:02
Colton Sissons 0 0 0 0 0 0 1 1 0 0 4/9 14:46 0:34 3:11
Dmitry Sinitsyn 0 0 0 0 0 0 0 0 0 0 0/0 10:47 0:00 0:00
Iiro Pakarinen 1 1 2 -2 2 3 2 0 1 0 0/1 18:44 6:08 0:00
Jacob Josefson 0 0 0 0 0 0 0 0 0 0 1/2 7:14 0:00 0:26
Justin Bailey 0 0 0 0 0 0 2 1 1 0 0/0 15:04 4:34 0:00
Kasperi Kapanen 0 0 0 0 0 0 0 0 0 0 1/1 6:12 0:00 0:00
Luca Sbisa 0 0 0 -1 0 1 0 1 0 1 0/0 22:04 6:03 4:25
Lucas Lessio 0 0 0 0 4 4 2 0 0 0 0/0 12:37 0:34 1:09
Nick Ritchie 0 0 0 1 0 0 1 0 1 0 0/0 6:23 0:00 0:22
Paul Ladue 0 0 0 1 0 1 2 3 1 1 0/0 26:58 5:02 7:29
Ryan Dzingel 0 0 0 0 0 3 0 0 0 0 0/0 18:13 4:34 6:49
Tim Erixon 0 0 0 -1 0 0 2 1 0 1 0/0 19:48 5:02 4:25
Tom Kuhnhackl 0 1 1 1 0 1 3 0 0 0 0/0 11:29 0:34 3:11
Zac Dalpe 0 2 2 1 0 1 3 1 0 0 5/15 18:53 4:34 6:53
Players Stats for Diablos
Player Name G A P +/- PIM S H SB GA TA FO MP PP MP PK MP
------------------------------------------------------------------------------------
Adrian Kempe 0 0 0 0 0 1 0 0 0 0 2/6 8:47 0:00 0:35
Alex Petrovic 0 0 0 0 0 0 1 0 0 0 0/0 13:43 0:00 4:15
Andrei Mironov 0 0 0 0 0 1 2 1 0 2 0/0 16:14 5:18 1:26
Brian Dumoulin 0 0 0 0 0 1 6 0 0 1 0/0 25:03 6:36 6:47
Cameron Gaunce 0 0 0 -1 2 1 2 1 2 1 0/0 21:06 5:18 0:00
Corey Trivino 0 0 0 0 0 3 1 1 1 0 6/12 13:12 0:07 6:03
Danton Heinen 0 0 0 -1 0 1 4 0 0 0 3/3 15:39 6:17 0:00
David Pastrnak 0 1 1 1 0 3 1 0 0 0 0/1 17:36 5:26 0:00
Jakub Vrana 0 0 0 0 2 2 1 0 0 0 0/0 6:46 0:00 0:00
Jiri Sekac 0 0 0 0 0 2 1 0 0 0 0/0 9:58 0:08 1:24
Jordan Szwarz 0 0 0 -1 0 5 2 0 1 1 0/1 19:41 6:17 4:00
Lars Eller 1 0 1 1 4 5 3 0 0 0 18/28 20:23 5:30 2:33
Nick Spaling 1 0 1 1 2 4 1 1 0 0 2/3 17:33 5:29 0:00
Peter Holland 0 0 0 -1 0 1 0 0 0 0 2/5 17:44 6:17 2:05
Philip Larsen 0 0 0 -1 2 0 2 3 0 0 0/0 19:50 0:00 4:02
Scott Glennie 0 0 0 0 0 0 0 0 0 1 0/0 6:47 0:00 0:00
Tyler Pitlick 0 0 0 0 0 2 1 0 1 0 0/0 14:29 0:11 5:52
Viktor Loov 0 1 1 1 2 0 2 2 0 0 0/0 24:06 6:36 6:02
3 Stars
1 - Andre Burakovsky (VJB)
2 - Zac Dalpe (VJB)
3 - Malcolm Subban (VJB)
Power Play
Influenza - 2 on 8 Attempt(s) - 25.00%
Diablos - 0 on 5 Attempt(s) - 0.00%
Penalty Kill
Influenza - 5 on 5 Attempt(s) - 100.00%
- Score 1 goal in Penalty Kill
Diablos - 6 on 8 Attempt(s) - 75.00%
- Score 0 goal in Penalty Kill
Team Stat
Influenza - Hits : 22 - Faceoff Wins : 26 - Blocked Shots : 12 - Penalty Minutes : 12
Diablos - Hits : 30 - Faceoff Wins : 33 - Blocked Shots : 9 - Penalty Minutes : 14
Official
Referees : Unknown
Linesman : Unknown
Game Notes
6:25 of 2nd period - Penalty Shot by Lars Eller for Diablos - Goal!
Andre Burakovsky has scored a Hat Trick!
Andre Burakovsky has scored in a empty net!
Finance
Level 1 -- Attendance: 2000 (100.00%) -- Ticket Income $34,000
Level 2 -- Attendance: 1000 (100.00%) -- Ticket Income $8,000
Total Attendance: 3000 (100.00%)
Total Ticket Income: $42,000
Other Income: $2,100
Total Income: $44,100
Influenza
5 vs 5 Forward
Center Left Wing Right Wing Time % Phy DF OF
1 Bo Horvat Andre Burakovsky Iiro Pakarinen 40 1 2 2
2 Colton Sissons Lucas Lessio Justin Bailey 30 1 2 2
3 Zac Dalpe Ryan Dzingel Kasperi Kapanen 20 1 2 2
4 Jacob Josefson Nick Ritchie Tom Kuhnhackl 10 1 2 2
5 vs 5 Defense
Defense Defense Time % Phy DF OF
1 Calvin de Haan Paul Ladue 40 1 2 2
2 Luca Sbisa Tim Erixon 30 1 2 2
3 Dmitry Sinitsyn Brandon Montour 20 1 2 2
4 Calvin de Haan Luca Sbisa 10 1 2 2
PowerPlay Forward
Center Left Wing Right Wing Time % Phy DF OF
1 Bo Horvat Andre Burakovsky Iiro Pakarinen 60 1 2 2
2 Zac Dalpe Ryan Dzingel Justin Bailey 40 1 2 2
PowerPlay Defense
Defense Defense Time % Phy DF OF
1 Calvin de Haan Luca Sbisa 60 1 2 2
2 Paul Ladue Tim Erixon 40 1 2 2
Penalty Kill 4 Players Forward
Center Wing Time % Phy DF OF
1 Zac Dalpe Ryan Dzingel 60 1 2 2
2 Colton Sissons Tom Kuhnhackl 40 1 2 2
Penalty Kill 4 Players Defense
Defense Defense Time % Phy DF OF
1 Calvin de Haan Paul Ladue 60 1 2 2
2 Luca Sbisa Tim Erixon 40 1 2 2
Penalty Kill - 3 Players Forward
Forward Time % Phy DF OF
1 Zac Dalpe 60 1 2 2
2 Colton Sissons 40 1 2 2
Penalty Kill - 3 Players Defense
Defense Defense Time % Phy DF OF
1 Calvin de Haan Paul Ladue 60 1 2 2
2 Luca Sbisa Tim Erixon 40 1 2 2
4 vs 4 Forward
Center Wing Time % Phy DF OF
1 Bo Horvat Andre Burakovsky 60 1 2 2
2 Zac Dalpe Iiro Pakarinen 40 1 2 2
4 vs 4 Defense
Defense Defense Time % Phy DF OF
1 Calvin de Haan Paul Ladue 60 1 2 2
2 Luca Sbisa Tim Erixon 40 1 2 2
Last Minutes Offensive
Center Left Wing Right Wing Defense Defense
Bo Horvat Andre Burakovsky Iiro Pakarinen Calvin de Haan Paul Ladue
Last Minutes Defensive
Center Left Wing Right Wing Defense Defense
Zac Dalpe Andre Burakovsky Iiro Pakarinen Calvin de Haan Paul Ladue
Goaltenders
Starting : Malcolm Subban
Backup : Tyson Sexsmith
Extra Forwards
Normal : Lucas Lessio, Iiro Pakarinen, Andre Burakovsky - PP : Lucas Lessio, Colton Sissons - PK : Andre Burakovsky
Extra Defensemen
Normal : Luca Sbisa, Tim Erixon, Calvin de Haan - PP : Brandon Montour - PK : Paul Ladue, Brandon Montour
Penalty Shots
Andre Burakovsky, Bo Horvat, Zac Dalpe, Justin Bailey, Calvin de Haan
Scratches
Jordan Schroeder (Healthy), Shane Prince (Healthy), Jeff Corbett (Healthy), Henri Ikonen (Healthy), Johan Larsson (Healthy)
Mitchell Moroz (Healthy), Josh Andrerson (Healthy), Jesse Graham (Healthy), Roland McKeown (Healthy), Jake Walman (Healthy)
Conner Bleackley (Healthy), Brycen Martin (Healthy), Jaden Lindo (Healthy), Jamie Phillips (Healthy)
Diablos
5 vs 5 Forward
Center Left Wing Right Wing Time % Phy DF OF
1 Lars Eller Nick Spaling David Pastrnak 45 0 0 5
2 Peter Holland Danton Heinen Jordan Szwarz 30 0 0 5
3 Adrian Kempe Jiri Sekac Tyler Pitlick 15 0 2 3
4 Corey Trivino Jakub Vrana Scott Glennie 10 0 3 2
5 vs 5 Defense
Defense Defense Time % Phy DF OF
1 Cameron Gaunce Philip Larsen 40 0 2 3
2 Brian Dumoulin Viktor Loov 30 0 2 3
3 Andrei Mironov Alex Petrovic 20 0 3 2
4 Cameron Gaunce Philip Larsen 10 0 2 3
PowerPlay Forward
Center Left Wing Right Wing Time % Phy DF OF
1 Lars Eller Nick Spaling David Pastrnak 60 0 0 5
2 Peter Holland Danton Heinen Jordan Szwarz 40 0 0 5
PowerPlay Defense
Defense Defense Time % Phy DF OF
1 Brian Dumoulin Viktor Loov 60 0 1 4
2 Andrei Mironov Cameron Gaunce 40 0 1 4
Penalty Kill 4 Players Forward
Center Wing Time % Phy DF OF
1 Corey Trivino Tyler Pitlick 60 1 4 0
2 Lars Eller Jordan Szwarz 40 1 4 0
Penalty Kill 4 Players Defense
Defense Defense Time % Phy DF OF
1 Brian Dumoulin Viktor Loov 60 1 4 0
2 Philip Larsen Alex Petrovic 40 1 4 0
Penalty Kill - 3 Players Forward
Forward Time % Phy DF OF
1 Corey Trivino 60 0 5 0
2 Lars Eller 40 0 5 0
Penalty Kill - 3 Players Defense
Defense Defense Time % Phy DF OF
1 Philip Larsen Viktor Loov 60 0 5 0
2 Alex Petrovic Andrei Mironov 40 0 5 0
4 vs 4 Forward
Center Wing Time % Phy DF OF
1 Lars Eller Jordan Szwarz 60 0 2 3
2 Adrian Kempe David Pastrnak 40 0 2 3
4 vs 4 Defense
Defense Defense Time % Phy DF OF
1 Cameron Gaunce Philip Larsen 60 0 2 3
2 Alex Petrovic Brian Dumoulin 40 0 2 3
Last Minutes Offensive
Center Left Wing Right Wing Defense Defense
Lars Eller Nick Spaling David Pastrnak Brian Dumoulin Philip Larsen
Last Minutes Defensive
Center Left Wing Right Wing Defense Defense
Lars Eller Jiri Sekac Jordan Szwarz Viktor Loov Philip Larsen
Goaltenders
Starting : Kristers Gudlevskis
Backup : Joni Ortio
Extra Forwards
Normal : David Pastrnak, Jiri Sekac, Jordan Szwarz - PP : David Pastrnak, Lars Eller - PK : Lars Eller
Extra Defensemen
Normal : Cameron Gaunce, Philip Larsen, Alex Petrovic - PP : Cameron Gaunce - PK : Philip Larsen, Viktor Loov
Penalty Shots
Peter Holland, Lars Eller, Jordan Szwarz, David Pastrnak, Danton Heinen
Scratches
Jamie Devane (Healthy), Matt Lindblad (Healthy), Tyler Lewington (Healthy), Tobias Lindberg (Healthy), Ty Rattie (Healthy)
Andrey Pedan (Healthy), Stuart Percy (Healthy), Charles Hudon (Healthy), Anthony Camara (Healthy), Sergey Tolchinsky (Healthy)
Branden Troock (Healthy), Riley Nash (Healthy), Dominic Turgeon (Healthy), Jack Glover (Healthy), Ryan MacInnis (Healthy)
Matt Tomkins (Healthy)
% Time on Ice - Influenza
Lines # - Real PCT - Wanted PCT - Time Play
Normal Forward
1 - 33% - 40% - 11:43
2 - 33% - 30% - 11:52
3 - 17% - 20% - 6:12
4 - 17% - 10% - 6:01
Normal Defense
1 - 40% - 40% - 14:09
2 - 29% - 30% - 10:21
3 - 30% - 20% - 10:47
4 - 1% - 10% - 0:31
PP Forward
1 - 57% - 60% - 6:22
2 - 43% - 40% - 4:54
PP Defense
1 - 55% - 60% - 6:14
2 - 45% - 40% - 5:02
PK Forward
1 - 73% - 60% - 8:43
2 - 27% - 40% - 3:11
PK Defense
1 - 63% - 60% - 7:29
2 - 37% - 40% - 4:25
PK3 Forward
1 - 0% - 60%
2 - 0% - 40%
PK3 Defense
1 - 0% - 60%
2 - 0% - 40%
44 Forward
1 - 0% - 60%
2 - 0% - 40%
44 Defense
1 - 0% - 60%
2 - 0% - 40%
Last Minute Offensive - 0:00
Last Minute Defensive - 1:02
Total
Forward - 60:00
Defense - 60:00
|
% Time on Ice - Diablos
Lines # - Real PCT - Wanted PCT - Time Play
Normal Forward
1 - 32% - 45% - 11:28
2 - 26% - 30% - 9:24
3 - 23% - 15% - 8:12
4 - 19% - 10% - 6:47
Normal Defense
1 - 45% - 40% - 16:04
2 - 32% - 30% - 11:29
3 - 23% - 20% - 8:18
4 - 0% - 10% - 0:00
PP Forward
1 - 47% - 60% - 5:37
2 - 53% - 40% - 6:17
PP Defense
1 - 55% - 60% - 6:36
2 - 45% - 40% - 5:18
PK Forward
1 - 64% - 60% - 7:15
2 - 36% - 40% - 4:01
PK Defense
1 - 65% - 60% - 7:21
2 - 35% - 40% - 3:55
PK3 Forward
1 - 0% - 60%
2 - 0% - 40%
PK3 Defense
1 - 0% - 60%
2 - 0% - 40%
44 Forward
1 - 0% - 60%
2 - 0% - 40%
44 Defense
1 - 0% - 60%
2 - 0% - 40%
Last Minute Offensive - 0:59
Last Minute Defensive - 0:00
Total
Forward - 60:00
Defense - 60:00
|
Play-by-Play
1st period
0:01 of 1st period - Bo Horvat wins face-off versus Lars Eller in neutral zone.
0:04 of 1st period - Slapshot by Nick Spaling.
0:04 of 1st period - Shot Misses the Net.
0:09 of 1st period - Minor Penalty to Philip Larsen for Roughing.
0:10 of 1st period - Bo Horvat wins face-off versus Corey Trivino in Diablos zone.
0:20 of 1st period - Wrist shot by Iiro Pakarinen.
0:20 of 1st period - Shot Blocked by Corey Trivino.
0:22 of 1st period - Slapshot by Luca Sbisa.
0:22 of 1st period - Stopped by Kristers Gudlevskis with a rebound.
0:24 of 1st period - Slapshot by Calvin de Haan.
0:24 of 1st period - Shot Misses the Net.
0:26 of 1st period - Slapshot by Calvin de Haan.
0:26 of 1st period - Stopped by Kristers Gudlevskis with a rebound.
0:42 of 1st period - Jordan Szwarz is hit by Justin Bailey and loses puck.
0:55 of 1st period - Snap shot by Jordan Szwarz.
0:55 of 1st period - Stopped by Malcolm Subban with a rebound.
2:09 of 1st period - Penalty to Philip Larsen is over, Philip Larsen is back on ice.
2:16 of 1st period - Icing by Dmitry Sinitsyn.
2:17 of 1st period - Lars Eller wins face-off versus Jacob Josefson in Influenza zone.
2:28 of 1st period - Snap shot by Lars Eller.
2:28 of 1st period - Stopped by Malcolm Subban with a rebound.
2:38 of 1st period - Minor Penalty to Nick Spaling for Slashing.
2:39 of 1st period - Bo Horvat wins face-off versus Corey Trivino in Diablos zone.
3:14 of 1st period - Off-side.
3:15 of 1st period - Lars Eller wins face-off versus Zac Dalpe in neutral zone.
3:20 of 1st period - Ryan Dzingel is hit by Philip Larsen.
3:25 of 1st period - Off-side.
3:26 of 1st period - Bo Horvat wins face-off versus Corey Trivino in neutral zone.
3:29 of 1st period - Snap shot by Andre Burakovsky.
3:29 of 1st period - Deflect By Iiro Pakarinen.
3:29 of 1st period - Shot Blocked by Viktor Loov.
3:29 of 1st period - Puck is out of play.
3:30 of 1st period - Corey Trivino wins face-off versus Bo Horvat in Diablos zone.
3:37 of 1st period - Wrist shot by Corey Trivino.
3:37 of 1st period - Shot Blocked by Paul Ladue.
4:38 of 1st period - Penalty to Nick Spaling is over, Nick Spaling is back on ice.
4:58 of 1st period - Icing by Tom Kuhnhackl.
4:59 of 1st period - Lars Eller wins face-off versus Colton Sissons in Influenza zone.
5:27 of 1st period - Snap shot by Ryan Dzingel.
5:27 of 1st period - Stopped by Kristers Gudlevskis with a rebound.
5:33 of 1st period - Wrist shot by Ryan Dzingel.
5:33 of 1st period - Stopped by Kristers Gudlevskis without a rebound.
5:34 of 1st period - Danton Heinen wins face-off versus Bo Horvat in Diablos zone.
5:43 of 1st period - Snap shot by Andre Burakovsky.
5:43 of 1st period - Shot Blocked by Philip Larsen.
5:45 of 1st period - Snap shot by Bo Horvat.
5:45 of 1st period - Deflect By Andre Burakovsky.
5:45 of 1st period - Shot Blocked by Cameron Gaunce.
5:45 of 1st period - Puck is out of play.
5:46 of 1st period - Danton Heinen wins face-off versus Bo Horvat in Diablos zone.
5:53 of 1st period - Jordan Szwarz is hit by Iiro Pakarinen and loses puck.
6:00 of 1st period - Snap shot by Iiro Pakarinen.
6:00 of 1st period - Stopped by Kristers Gudlevskis without a rebound.
6:01 of 1st period - Lars Eller wins face-off versus Colton Sissons in Diablos zone.
6:12 of 1st period - Wrist shot by Lars Eller.
6:12 of 1st period - Stopped by Malcolm Subban without a rebound.
6:13 of 1st period - Andre Burakovsky wins face-off versus Lars Eller in Influenza zone.
6:22 of 1st period - Wrist shot by David Pastrnak.
6:22 of 1st period - Deflect By Lars Eller.
6:22 of 1st period - Stopped by Malcolm Subban with a rebound.
6:38 of 1st period - Andrei Mironov is hit by Justin Bailey.
6:48 of 1st period - Snap shot by Jordan Szwarz.
6:48 of 1st period - Stopped by Malcolm Subban without a rebound.
6:49 of 1st period - Nick Spaling wins face-off versus Zac Dalpe in Influenza zone.
6:49 of 1st period - Double Minor Penalty to Lars Eller for Boarding.
6:50 of 1st period - Bo Horvat wins face-off versus Corey Trivino in Diablos zone.
6:51 of 1st period - Wrist shot by Andre Burakovsky.
6:51 of 1st period - Shot Misses the Net.
7:01 of 1st period - Corey Trivino is hit by Bo Horvat and loses puck.
8:54 of 1st period - Andrei Mironov is hit by Tim Erixon and loses puck.
8:59 of 1st period - Snap shot by Lucas Lessio.
8:59 of 1st period - Stopped by Kristers Gudlevskis without a rebound.
9:00 of 1st period - Corey Trivino wins face-off versus Bo Horvat in Diablos zone.
10:49 of 1st period - Penalty to Lars Eller is over, Lars Eller is back on ice.
11:14 of 1st period - Minor Penalty to Lucas Lessio for Diving.
11:15 of 1st period - Lars Eller wins face-off versus Zac Dalpe in Influenza zone.
11:20 of 1st period - Wrist shot by Lars Eller.
11:20 of 1st period - Shot Blocked by Calvin de Haan.
12:00 of 1st period - Zac Dalpe is hit by David Pastrnak.
12:18 of 1st period - Wrist shot by Andre Burakovsky.
12:18 of 1st period - Goal by Andre Burakovsky - Influenza : 1 - Diablos : 0.
12:19 of 1st period - Zac Dalpe wins face-off versus Lars Eller in neutral zone.
12:50 of 1st period - Snap shot by Danton Heinen.
12:50 of 1st period - Deflect By Jordan Szwarz.
12:50 of 1st period - Stopped by Malcolm Subban with a rebound.
13:14 of 1st period - Penalty to Lucas Lessio is over, Lucas Lessio is back on ice.
13:24 of 1st period - Snap shot by Tyler Pitlick.
13:24 of 1st period - Stopped by Malcolm Subban with a rebound.
13:45 of 1st period - Wrist shot by Philip Larsen.
13:45 of 1st period - Shot Misses the Net.
13:47 of 1st period - Snap shot by Corey Trivino.
13:47 of 1st period - Deflect By Jakub Vrana.
13:47 of 1st period - Stopped by Malcolm Subban with a rebound.
13:49 of 1st period - Wrist shot by Corey Trivino.
13:49 of 1st period - Stopped by Malcolm Subban with a rebound.
13:51 of 1st period - Slapshot by Corey Trivino.
13:51 of 1st period - Stopped by Malcolm Subban without a rebound.
13:52 of 1st period - Lars Eller wins face-off versus Colton Sissons in Influenza zone.
14:34 of 1st period - Icing by Jordan Szwarz.
14:35 of 1st period - Zac Dalpe wins face-off versus Adrian Kempe in Diablos zone.
14:46 of 1st period - Backhand shot by Ryan Dzingel.
14:46 of 1st period - Stopped by Kristers Gudlevskis with a rebound.
15:26 of 1st period - Slapshot by Calvin de Haan.
15:26 of 1st period - Shot Blocked by Andrei Mironov.
15:28 of 1st period - Snap shot by Lucas Lessio.
15:28 of 1st period - Stopped by Kristers Gudlevskis without a rebound.
15:29 of 1st period - Bo Horvat wins face-off versus Peter Holland in Diablos zone.
15:42 of 1st period - Snap shot by Andre Burakovsky.
15:42 of 1st period - Stopped by Kristers Gudlevskis without a rebound.
15:43 of 1st period - Lars Eller wins face-off versus Bo Horvat in Diablos zone.
16:15 of 1st period - Slapshot by Tim Erixon.
16:15 of 1st period - Shot Misses the Net.
16:32 of 1st period - Icing by Philip Larsen.
16:33 of 1st period - Jacob Josefson wins face-off versus Adrian Kempe in Diablos zone.
16:34 of 1st period - Slapshot by Calvin de Haan.
16:34 of 1st period - Shot Misses the Net.
16:36 of 1st period - Slapshot by Tom Kuhnhackl.
16:36 of 1st period - Stopped by Kristers Gudlevskis without a rebound.
16:37 of 1st period - Adrian Kempe wins face-off versus Bo Horvat in Diablos zone.
16:46 of 1st period - Slapshot by Tyler Pitlick.
16:46 of 1st period - Shot Misses the Net.
17:02 of 1st period - Wrist shot by Jiri Sekac.
17:02 of 1st period - Stopped by Malcolm Subban with a rebound.
17:16 of 1st period - Slapshot by Tyler Pitlick.
17:16 of 1st period - Stopped by Malcolm Subban without a rebound.
17:17 of 1st period - Colton Sissons wins face-off versus Lars Eller in Influenza zone.
17:22 of 1st period - Backhand shot by Tim Erixon.
17:22 of 1st period - Shot Blocked by Nick Spaling.
18:19 of 1st period - Jordan Szwarz is hit by Nick Ritchie.
18:29 of 1st period - Wrist shot by Adrian Kempe.
18:29 of 1st period - Stopped by Malcolm Subban with a rebound.
18:31 of 1st period - Wrist shot by Jiri Sekac.
18:31 of 1st period - Stopped by Malcolm Subban without a rebound.
18:32 of 1st period - Bo Horvat wins face-off versus Adrian Kempe in Influenza zone.
18:57 of 1st period - Nick Spaling is hit by Lucas Lessio and loses puck.
19:25 of 1st period - Ryan Dzingel is hit by Danton Heinen and loses puck.
Goals for this period are 1 for Influenza vs 0 for Diablos .
Shots for this period are 11 for Influenza vs 14 for Diablos .
2nd period
0:01 of 2nd period - Lars Eller wins face-off versus Iiro Pakarinen in neutral zone.
0:08 of 2nd period - Wrist shot by David Pastrnak.
0:08 of 2nd period - Shot Misses the Net.
0:10 of 2nd period - Minor Penalty to Bo Horvat for Hooking.
0:11 of 2nd period - Nick Spaling wins face-off versus Zac Dalpe in Influenza zone.
0:22 of 2nd period - Paul Ladue is hit by Brian Dumoulin and loses puck.
2:10 of 2nd period - Penalty to Bo Horvat is over, Bo Horvat is back on ice.
2:36 of 2nd period - Jacob Josefson is hit by Cameron Gaunce and loses puck.
4:02 of 2nd period - Zac Dalpe is hit by Lars Eller and loses puck.
4:19 of 2nd period - Snap shot by Lucas Lessio.
4:19 of 2nd period - Stopped by Kristers Gudlevskis with a rebound.
4:21 of 2nd period - Slapshot by Paul Ladue.
4:21 of 2nd period - Deflect By Lucas Lessio.
4:21 of 2nd period - Shot Misses the Net.
4:21 of 2nd period - Puck is out of play.
4:22 of 2nd period - Peter Holland wins face-off versus Bo Horvat in Diablos zone.
4:55 of 2nd period - Off-side.
4:56 of 2nd period - Peter Holland wins face-off versus Colton Sissons in neutral zone.
5:05 of 2nd period - Snap shot by Jordan Szwarz.
5:05 of 2nd period - Stopped by Malcolm Subban without a rebound.
5:06 of 2nd period - Colton Sissons wins face-off versus Peter Holland in Influenza zone.
5:15 of 2nd period - Slapshot by Calvin de Haan.
5:15 of 2nd period - Stopped by Kristers Gudlevskis without a rebound.
5:16 of 2nd period - Lars Eller wins face-off versus Andre Burakovsky in Diablos zone.
5:18 of 2nd period - Minor Penalty to Viktor Loov for Tripping.
5:19 of 2nd period - Corey Trivino wins face-off versus Bo Horvat in Diablos zone.
5:27 of 2nd period - Snap shot by Corey Trivino.
5:27 of 2nd period - Stopped by Malcolm Subban without a rebound.
5:28 of 2nd period - Corey Trivino wins face-off versus Bo Horvat in Influenza zone.
6:03 of 2nd period - Wrist shot by Andre Burakovsky.
6:03 of 2nd period - Goal by Andre Burakovsky - Influenza : 2 - Diablos : 0.
6:04 of 2nd period - Lars Eller wins face-off versus Colton Sissons in neutral zone.
6:25 of 2nd period - Penalty Shot by Lars Eller for Diablos .
6:25 of 2nd period - Wrist shot by Lars Eller.
6:25 of 2nd period - Goal by Lars Eller - Influenza : 2 - Diablos : 1.
6:26 of 2nd period - Lars Eller wins face-off versus Bo Horvat in neutral zone.
6:27 of 2nd period - Bo Horvat wins face-off versus Lars Eller in Diablos zone.
7:08 of 2nd period - Wrist shot by Lars Eller.
7:08 of 2nd period - Shot Misses the Net.
7:10 of 2nd period - Wrist shot by Nick Spaling.
7:10 of 2nd period - Shot Blocked by Luca Sbisa.
7:12 of 2nd period - Snap shot by David Pastrnak.
7:12 of 2nd period - Stopped by Malcolm Subban with a rebound.
7:14 of 2nd period - Wrist shot by Nick Spaling.
7:14 of 2nd period - Stopped by Malcolm Subban without a rebound.
7:15 of 2nd period - Danton Heinen wins face-off versus Bo Horvat in Influenza zone.
7:30 of 2nd period - Snap shot by Bo Horvat.
7:30 of 2nd period - Shot Misses the Net.
7:33 of 2nd period - Icing by Brian Dumoulin.
7:34 of 2nd period - Colton Sissons wins face-off versus Jordan Szwarz in Diablos zone.
7:41 of 2nd period - Snap shot by Lucas Lessio.
7:41 of 2nd period - Stopped by Kristers Gudlevskis with a rebound.
8:57 of 2nd period - Minor Penalty to Cameron Gaunce for Cross-checking.
8:58 of 2nd period - Corey Trivino wins face-off versus Bo Horvat in Diablos zone.
9:14 of 2nd period - Brian Dumoulin is hit by Andre Burakovsky and loses puck.
9:25 of 2nd period - Brian Dumoulin is hit by Zac Dalpe and loses puck.
10:00 of 2nd period - Backhand shot by Lars Eller.
10:00 of 2nd period - Stopped by Malcolm Subban with a rebound.
10:02 of 2nd period - Wrist shot by Jiri Sekac.
10:02 of 2nd period - Shot Misses the Net.
10:24 of 2nd period - Calvin de Haan is hit by Jiri Sekac.
10:40 of 2nd period - Ryan Dzingel is hit by Brian Dumoulin and loses puck.
10:57 of 2nd period - Penalty to Cameron Gaunce is over, Cameron Gaunce is back on ice.
11:05 of 2nd period - Tom Kuhnhackl is hit by Jordan Szwarz and loses puck.
11:22 of 2nd period - Dmitry Sinitsyn is hit by Lars Eller and loses puck.
11:43 of 2nd period - Zac Dalpe is hit by Jordan Szwarz and loses puck.
11:56 of 2nd period - Alex Petrovic is hit by Tom Kuhnhackl and loses puck.
12:07 of 2nd period - Lucas Lessio is hit by Nick Spaling and loses puck.
12:59 of 2nd period - Lucas Lessio is hit by Jakub Vrana and loses puck.
13:25 of 2nd period - Dmitry Sinitsyn is hit by Andrei Mironov and loses puck.
13:44 of 2nd period - Brandon Montour is hit by Viktor Loov and loses puck.
13:51 of 2nd period - Wrist shot by Peter Holland.
13:51 of 2nd period - Shot Misses the Net.
14:01 of 2nd period - Ryan Dzingel is hit by Lars Eller and loses puck.
14:18 of 2nd period - Corey Trivino is hit by Colton Sissons and loses puck.
14:43 of 2nd period - Iiro Pakarinen is hit by Danton Heinen and loses puck.
14:56 of 2nd period - Zac Dalpe is hit by Tyler Pitlick and loses puck.
15:39 of 2nd period - Tim Erixon is hit by Cameron Gaunce and loses puck.
16:06 of 2nd period - Off-side.
16:07 of 2nd period - Zac Dalpe wins face-off versus David Pastrnak in neutral zone.
16:07 of 2nd period - Paul Ladue is hit by Brian Dumoulin and loses puck.
16:32 of 2nd period - Peter Holland is hit by Andre Burakovsky.
16:57 of 2nd period - Tim Erixon is hit by Philip Larsen and loses puck.
17:04 of 2nd period - Wrist shot by Corey Trivino.
17:04 of 2nd period - Deflect By Scott Glennie.
17:04 of 2nd period - Shot Blocked by Justin Bailey.
17:04 of 2nd period - Puck is out of play.
17:05 of 2nd period - Lars Eller wins face-off versus Andre Burakovsky in Influenza zone.
17:08 of 2nd period - Wrist shot by David Pastrnak.
17:08 of 2nd period - Deflect By Nick Spaling.
17:08 of 2nd period - Stopped by Malcolm Subban with a rebound.
17:10 of 2nd period - Slapshot by David Pastrnak.
17:10 of 2nd period - Shot Blocked by Andre Burakovsky.
17:12 of 2nd period - Slapshot by Viktor Loov.
17:12 of 2nd period - Shot Blocked by Tim Erixon.
17:14 of 2nd period - Snap shot by Nick Spaling.
17:14 of 2nd period - Goal by Nick Spaling - Influenza : 2 - Diablos : 2.
17:15 of 2nd period - Bo Horvat wins face-off versus Lars Eller in neutral zone.
17:24 of 2nd period - Snap shot by Iiro Pakarinen.
17:24 of 2nd period - Shot Blocked by Philip Larsen.
17:57 of 2nd period - Minor Penalty to Calvin de Haan for Interference.
17:58 of 2nd period - Zac Dalpe wins face-off versus Nick Spaling in Influenza zone.
18:23 of 2nd period - Ryan Dzingel is hit by Brian Dumoulin and loses puck.
18:33 of 2nd period - Icing by Danton Heinen.
18:34 of 2nd period - Colton Sissons wins face-off versus Peter Holland in Diablos zone.
18:51 of 2nd period - Snap shot by Cameron Gaunce.
18:51 of 2nd period - Shot Misses the Net.
18:53 of 2nd period - Slapshot by Cameron Gaunce.
18:53 of 2nd period - Stopped by Malcolm Subban with a rebound.
18:55 of 2nd period - Wrist shot by Danton Heinen.
18:55 of 2nd period - Shot Blocked by Zac Dalpe.
18:57 of 2nd period - Snap shot by Jordan Szwarz.
18:57 of 2nd period - Stopped by Malcolm Subban with a rebound.
18:59 of 2nd period - Snap shot by Jordan Szwarz.
18:59 of 2nd period - Shot Misses the Net.
19:13 of 2nd period - Snap shot by Jordan Szwarz.
19:13 of 2nd period - Shot Misses the Net.
19:15 of 2nd period - Wrist shot by Jordan Szwarz.
19:15 of 2nd period - Shot Blocked by Paul Ladue.
19:37 of 2nd period - Snap shot by Danton Heinen.
19:37 of 2nd period - Stopped by Malcolm Subban with a rebound.
19:39 of 2nd period - Slapshot by Andrei Mironov.
19:39 of 2nd period - Stopped by Malcolm Subban with a rebound.
19:41 of 2nd period - Snap shot by Jordan Szwarz.
19:41 of 2nd period - Shot Blocked by Paul Ladue.
19:43 of 2nd period - Slapshot by Cameron Gaunce.
19:43 of 2nd period - Shot Blocked by Brandon Montour.
19:57 of 2nd period - Penalty to Calvin de Haan is over, Calvin de Haan is back on ice.
Goals for this period are 1 for Influenza vs 2 for Diablos .
Shots for this period are 4 for Influenza vs 11 for Diablos .
3rd period
0:01 of 3rd period - Bo Horvat wins face-off versus Lars Eller in neutral zone.
0:04 of 3rd period - Cameron Gaunce is hit by Paul Ladue.
0:26 of 3rd period - Lucas Lessio is hit by Danton Heinen and loses puck.
0:49 of 3rd period - Lucas Lessio is hit by Brian Dumoulin and loses puck.
1:12 of 3rd period - Slapshot by Paul Ladue.
1:12 of 3rd period - Stopped by Kristers Gudlevskis without a rebound.
1:13 of 3rd period - Bo Horvat wins face-off versus Adrian Kempe in Diablos zone.
1:24 of 3rd period - Wrist shot by Andre Burakovsky.
1:24 of 3rd period - Shot Blocked by Philip Larsen.
1:48 of 3rd period - Minor Penalty to Brandon Montour for Hooking.
1:49 of 3rd period - Lars Eller wins face-off versus Zac Dalpe in Influenza zone.
2:23 of 3rd period - Snap shot by Jordan Szwarz.
2:23 of 3rd period - Shot Blocked by Calvin de Haan.
2:25 of 3rd period - Slapshot by Viktor Loov.
2:25 of 3rd period - Shot Blocked by Colton Sissons.
3:48 of 3rd period - Penalty to Brandon Montour is over, Brandon Montour is back on ice.
4:03 of 3rd period - Dmitry Sinitsyn is hit by Viktor Loov and loses puck.
4:38 of 3rd period - Dmitry Sinitsyn is hit by Andrei Mironov and loses puck.
5:06 of 3rd period - Kasperi Kapanen is hit by Corey Trivino and loses puck.
5:56 of 3rd period - Slapshot by Calvin de Haan.
5:56 of 3rd period - Stopped by Kristers Gudlevskis with a rebound.
6:24 of 3rd period - Snap shot by Peter Holland.
6:24 of 3rd period - Stopped by Malcolm Subban with a rebound.
6:41 of 3rd period - Slapshot by Corey Trivino.
6:41 of 3rd period - Shot Misses the Net.
6:47 of 3rd period - Minor Penalty to Lucas Lessio for Hooking.
6:48 of 3rd period - Lars Eller wins face-off versus Zac Dalpe in Influenza zone.
6:53 of 3rd period - Snap shot by David Pastrnak.
6:53 of 3rd period - Stopped by Malcolm Subban without a rebound.
6:54 of 3rd period - Lars Eller wins face-off versus Zac Dalpe in Influenza zone.
8:47 of 3rd period - Penalty to Lucas Lessio is over, Lucas Lessio is back on ice.
9:15 of 3rd period - Scott Glennie is hit by Tom Kuhnhackl and loses puck.
9:25 of 3rd period - Minor Penalty to Jakub Vrana for Diving.
9:26 of 3rd period - Bo Horvat wins face-off versus Corey Trivino in Diablos zone.
9:35 of 3rd period - Snap shot by Andre Burakovsky.
9:35 of 3rd period - Stopped by Kristers Gudlevskis without a rebound.
9:36 of 3rd period - Corey Trivino wins face-off versus Bo Horvat in Diablos zone.
9:47 of 3rd period - Slapshot by Luca Sbisa.
9:47 of 3rd period - Shot Blocked by Viktor Loov.
9:49 of 3rd period - Wrist shot by Iiro Pakarinen.
9:49 of 3rd period - Shot Misses the Net.
9:51 of 3rd period - Wrist shot by Iiro Pakarinen.
9:51 of 3rd period - Stopped by Kristers Gudlevskis without a rebound.
9:52 of 3rd period - Andre Burakovsky wins face-off versus Corey Trivino in Diablos zone.
10:00 of 3rd period - Wrist shot by Iiro Pakarinen.
10:00 of 3rd period - Goal by Iiro Pakarinen - Influenza : 3 - Diablos : 2.
10:01 of 3rd period - Lars Eller wins face-off versus Bo Horvat in neutral zone.
10:37 of 3rd period - Lucas Lessio is hit by Danton Heinen and loses puck.
10:52 of 3rd period - Snap shot by Zac Dalpe.
10:52 of 3rd period - Stopped by Kristers Gudlevskis without a rebound.
10:53 of 3rd period - Adrian Kempe wins face-off versus Zac Dalpe in Diablos zone.
11:06 of 3rd period - Wrist shot by Jiri Sekac.
11:06 of 3rd period - Shot Misses the Net.
11:08 of 3rd period - Snap shot by Brian Dumoulin.
11:08 of 3rd period - Shot Hit the Post.
11:10 of 3rd period - Slapshot by Brian Dumoulin.
11:10 of 3rd period - Deflect By Tim Erixon.
11:10 of 3rd period - Stopped by Malcolm Subban without a rebound.
11:11 of 3rd period - Bo Horvat wins face-off versus Lars Eller in Influenza zone.
11:13 of 3rd period - Minor Penalty to Iiro Pakarinen for Holding.
11:14 of 3rd period - Zac Dalpe wins face-off versus Lars Eller in Influenza zone.
11:39 of 3rd period - Jordan Szwarz is hit by Tom Kuhnhackl and loses puck.
12:13 of 3rd period - Andrei Mironov is hit by Paul Ladue and loses puck.
13:13 of 3rd period - Penalty to Iiro Pakarinen is over, Iiro Pakarinen is back on ice.
14:08 of 3rd period - Peter Holland is hit by Zac Dalpe and loses puck.
15:02 of 3rd period - Iiro Pakarinen is hit by Brian Dumoulin and loses puck.
15:51 of 3rd period - Cameron Gaunce is hit by Lucas Lessio and loses puck.
15:58 of 3rd period - Corey Trivino is hit by Brandon Montour and loses puck.
16:29 of 3rd period - Snap shot by Philip Larsen.
16:29 of 3rd period - Shot Misses the Net.
16:31 of 3rd period - Snap shot by Jakub Vrana.
16:31 of 3rd period - Stopped by Malcolm Subban without a rebound.
16:32 of 3rd period - Lars Eller wins face-off versus Zac Dalpe in Influenza zone.
16:37 of 3rd period - Wrist shot by Lars Eller.
16:37 of 3rd period - Stopped by Malcolm Subban with a rebound.
17:27 of 3rd period - Paul Ladue is hit by Alex Petrovic and loses puck.
17:40 of 3rd period - Wrist shot by Lars Eller.
17:40 of 3rd period - Shot Misses the Net.
18:06 of 3rd period - Viktor Loov is hit by Iiro Pakarinen and loses puck.
19:10 of 3rd period - Diablos , Kristers Gudlevskis is pulled from the net.
19:14 of 3rd period - Snap shot by David Pastrnak.
19:14 of 3rd period - Shot Misses the Net.
19:28 of 3rd period - Wrist shot by David Pastrnak.
19:28 of 3rd period - Deflect By Nick Spaling.
19:28 of 3rd period - Stopped by Malcolm Subban without a rebound.
19:29 of 3rd period - Gerard Gallant call a timeout for Diablos .
19:29 of 3rd period - Lars Eller wins face-off versus Zac Dalpe in Influenza zone.
19:32 of 3rd period - Snap shot by David Pastrnak.
19:32 of 3rd period - Stopped by Malcolm Subban with a rebound.
19:42 of 3rd period - Cameron Gaunce is hit by Zac Dalpe and loses puck.
19:51 of 3rd period - Snap shot by Andre Burakovsky.
19:51 of 3rd period - Goal by Andre Burakovsky - Influenza : 4 - Diablos : 2.
19:51 of 3rd period - Kristers Gudlevskis from Diablos was sent back in the game.
19:52 of 3rd period - Kasperi Kapanen wins face-off versus Lars Eller in neutral zone.
19:55 of 3rd period - Cameron Gaunce is hit by Tim Erixon and loses puck.
Goals for this period are 2 for Influenza vs 0 for Diablos .
Shots for this period are 7 for Influenza vs 7 for Diablos .
Back to the Top